 Seeded DCSS version 0.30-a0-956-gcec3b41aec (webtiles) character file.

Game seed: 20230327 (custom seed)

33 GigaChad the Trooper (level 3, -2/34 HPs)
             Began as a Minotaur Fighter on Mar 29, 2023.
             Killed from afar by Blork the orc (8 damage)
             ... with a puff of flame
             ... on level 5 of the Dungeon.
             The game lasted 00:01:08 (843 turns).

GigaChad the Trooper (Minotaur Fighter)              Turns: 843, Time: 00:01:09

Health: -2/34      AC:  7    Str: 22    XL:     3   Next: 12%
Magic:  2/2        EV:  9    Int:  5    God:
Gold:   64         SH:  4    Dex:  9    Spells: 2/2 levels left

rFire   . . .      SeeInvis .    a - +0 war axe
rCold   . . .      Faith    .    c - +0 buckler
rNeg    . . .      Spirit   .    b - +0 scale mail
rPois   .          Reflect  .    (helmet restricted)
rElec   .          Rampage  .    (no cloak)
rCorr   .                        (no gloves)
Will    .....                    (no boots) Stlth
                                 (no amulet)
HPRegen 0.25/turn                (no ring)
MPRegen 0.08/turn                (no ring)

@: no status effects
A: horns 2, retaliatory headbutt
a: no special abilities


You were on level 5 of the Dungeon.
You visited 1 branch of the dungeon, and saw 5 of its levels.

You collected 64 gold pieces.

Inventory:

Hand Weapons
 a - a +0 war axe (weapon)
Armour
 b - a +0 scale mail (worn)
 c - a +0 buckler (worn)
Scrolls
 f - 2 scrolls of enchant armour {unknown}
 g - a scroll of immolation {unknown}
 j - 2 scrolls of blinking {unknown}
 m - 2 scrolls of identify {unknown}
 n - a scroll of fog {unknown}
 o - a scroll of magic mapping {unknown}
Potions
 d - a potion of might
 e - 2 potions of curing {unknown}
 h - 2 potions of brilliance
 i - a potion of lignification {unknown}
 k - a potion of flight {unknown}
 l - a potion of degeneration {unknown}


   Skills:
 + Level 4.4 Fighting
 + Level 3.0 Axes
 + Level 3.8 Armour
 + Level 3.9 Shields


You had 2 spell levels left.
You didn't know any spells.
Your spell library contained the following spells:

 Spells                   Type           Power      Damage    Failure   Level
 Sting                    Tmut/Pois      0%         1d3       87%         1
 Poisonous Vapours        Pois/Air       0%         N/A       95%         2
 Olgreb's Toxic Radiance  Pois           0%         N/A       100%        4


Dungeon Overview and Level Annotations

Branches:
Dungeon (5/15)
 Temple: D:4-7

Altars:
Elyvilon

Shops:
D:1 *:

Annotations:
D:5 Blork the orc


Innate Abilities, Weirdness & Mutations

You have a pair of horns on your head.
You reflexively headbutt those who attack you in melee.


Message History

You furiously retaliate!
You headbutt the endoplasm. The quokka attacks as you move away!
The quokka bites you but does no damage.
You block the quokka's attack. The quokka completely misses you.
The endoplasm hits you but does no damage.
The endoplasm hits you but does no damage.
The endoplasm attacks as you move away! The endoplasm hits you.
The quokka attacks as you move away! The quokka barely misses you.
You furiously retaliate!
You headbutt the quokka, but do no damage.
The quokka bites you. The quokka bites you.
The quokka attacks as you move away! You block the quokka's attack.
The quokka bites you. The quokka attacks as you move away!
You block the quokka's attack. The quokka attacks as you move away!
The quokka bites you but does no damage.
The quokka attacks as you move away! The quokka completely misses you.
You furiously retaliate!
You headbutt the quokka.
You kill the quokka!
The endoplasm jiggles.
Blork the orc comes into view.
He is wielding a +0 dire flail and carrying a wand of flame (6).
Found two stone staircases leading down.
Blork the orc shouts!
Blork the orc casts a spell.
Blork the orc seems to speed up.
Blork the orc drinks a potion.
Blork the orc's spells are empowered!
Blork the orc zaps a wand.
The puff of flame hits you.
An adder comes into view.
Blork the orc points at you and mumbles some strange words.
The puff of flame hits you.
Found a robe.
The adder hisses angrily.
Blork the orc points at you and mumbles some strange words.
The puff of flame hits you!
Blork the orc zaps a wand.
The puff of flame hits you!
* * * LOW HITPOINT WARNING * * *
Blork the orc zaps a wand.
The puff of flame hits you!
You die...

# . ###.. ... ##....
.[..###########..#
................########
.....So@..J.............
..............##########
...#..........# .
#.............
#.>........###
#.>........#
###..####.## .... #.#


You could see Blork the orc (fast, empowered), an adder and an endoplasm.

Vanquished Creatures
  An adder (D:3)
  A worm (D:2)
  3 bats
  An endoplasm (D:2)
  A giant cockroach (D:2)
  A goblin (D:2)
  3 hobgoblins
  2 jackals (D:2)
  2 quokkas
  A frilled lizard (D:2)
  A kobold (D:1)
  2 rats (D:2)
19 creatures vanquished.

Notes
Turn   | Place    | Note
-------+----------+-------------------------------------------
     0 | D:1      | GigaChad the Minotaur Fighter began the quest for the Orb.
     0 | D:1      | Reached XP level 1. HP: 19/19 MP: 0/0
     4 | D:1      | Found Xoclunid's Book Emporium.
    30 | D:1      | Found Aqium's General Store.
   106 | D:1      | You fall into a shaft and drop 1 floor!
   138 | D:2      | Reached skill level 4 in Fighting
   138 | D:2      | Reached XP level 2. HP: 27/27 MP: 1/1
   257 | D:2      | Found a white marble altar of Elyvilon.
   723 | D:3      | Reached XP level 3. HP: 29/34 MP: 2/2
   800 | D:5      | Entered Level 5 of the Dungeon
   838 | D:5      | Noticed Blork the orc
   843 | D:5      | Killed from afar by Blork the orc

Illustrated notes

Levels and vault maps discovered:
D:1:      doesnt_arrival_eight_statues, layout_basic, serial_shops,
          nicolae_shop_advertising_works [nicolae_subvault_shop_adworks], shop,
          nicolae_lakefront_shop, shop, shop,
          shapermc_ecumenical_altar_notcrosses
D:2:      minmay_spotlight, layout_basic, basic_altar
D:3:      layout_loops_cross, st_stairs_7
D:4:      layout_basic, nicolae_qazlal_style_of_elements,
          gup_ossuary_entry_pyramid, uniq_eustachio, uniq_natasha, uniq_pikel,
          uniq_duvessa
D:5:      layout_rooms, xom_redecorated, minmay_temple_entry_mini_moons,
          uniq_sigmund, uniq_menkaure, uniq_blork_the_orc

Skill      XL: |  1  2 |
---------------+-------+-----
Fighting       | 4 |  4.4
Axes           | 3 |  3.0
Armour         | |  3.8
Shields        | |  3.9

Action                     || total
---------------------------++-------
  Melee: War axe           ||    40
         Headbutt          ||     2
 Armour: Scale mail        ||    36
  Dodge: Dodged            ||    27
  Block: Buckler           ||    16

Table legend: (Time is in decaauts)
 A = Elapsed time spent in this place.
 B = Non-inter-level travel time spent in this place.
 C = Inter-level travel time spent in this place.
 D = Time resting spent in this place.
 E = Time spent auto-exploring this place.
 F = Levels seen in this place.
 G = Mean time per level.
                   A        B        C        D        E       F      G
               +--------+--------+--------+--------+--------+-----+--------+
         Total |    857 |    830 |     27 |      0 |    608 |   5 |  171.4 |
       Dungeon |    857 |    830 |     27 |      0 |    608 |   5 |  171.4 |
               +--------+--------+--------+--------+--------+-----+--------+

Top non-repeatable levels by time:
     D:2: 594 daAuts
     D:1: 109 daAuts
     D:3: 92 daAuts
     D:5: 42 daAuts
     D:4: 17 daAuts
